 Seeded DCSS version 0.29-a0-11-ga75d3d97ab (webtiles) character file.

Game seed: 3698939498586987721 (custom seed)

141 croobank the Sneak (level 5, -4/31 HPs)
             Began as an Octopode Fire Elementalist on Jan 28, 2022.
             Killed from afar by Blork the orc (12 damage)
             ... with a puff of frost
             ... on level 4 of the Dungeon.
             The game lasted 00:11:20 (3186 turns).

croobank the Sneak (Octopode Fire Elementalist)     Turns: 3186, Time: 00:11:21

Health: -4/31      AC:  1    Str: 17    XL:     5   Next: 24%
Magic:  3/9        EV: 17    Int: 25    God:
Gold:   118        SH:  0    Dex: 11    Spells: 2/9 levels left

rFire   . . .      SeeInvis .   a - +0 dagger
rCold   . . .      Faith    .   (no shield)
rNeg    . . .      Spirit   .   (helmet restricted)
rPois   +          Reflect  .   (no amulet)
rElec   .          Harm     .   c - ring of Wuezips {rPois EV+4 Str+4}
rCorr   .          Rampage  .   p - ring "Xuetsu" {Str+6 Int+6 Dex-2}
Will    .....                   (no ring)
Stlth   +++.......              (no ring)
HPRegen 0.10/turn               (no ring)
MPRegen 0.11/turn               (no ring)
                                (no ring)
                                (no ring)

@: brilliant
A: almost no armour, amphibious, 8 rings, camouflage 1, gelatinous body 1,
(nimble swimmer 1), tentacles
a: no special abilities


You were on level 4 of the Dungeon.
You visited 1 branch of the dungeon, and saw 4 of its levels.

You collected 118 gold pieces.

Inventory:

Hand Weapons
 a - a +0 dagger (weapon)
 b - a +0 hunting sling
 f - a +0 whip
 m - a +0 flail
 n - a +0 glaive
Missiles
 e - 58 stones
 l - a throwing net
 o - 46 sling bullets
 q - 6 poisoned darts
 t - a boomerang (quivered)
Jewellery
 c - the ring of Wuezips (left tentacle) {rPois EV+4 Str+4}
   (You acquired it on level 2 of the Dungeon)

   [ring of evasion]

   EV:        It affects your evasion (+4).
   Str:       It affects your strength (+4).
   rPois:     It protects you from poison.
 p - the ring "Xuetsu" (right tentacle) {Str+6 Int+6 Dex-2}
   (You acquired it on level 3 of the Dungeon)

   [ring of strength]

   Str:       It affects your strength (+6).
   Int:       It affects your intelligence (+6).
   Dex:       It affects your dexterity (-2).
 r - a +4 ring of protection
Scrolls
 h - 2 scrolls of identify {unknown}
 j - 2 scrolls of teleportation {unknown}
Potions
 i - 2 potions of attraction {unknown}
 k - a potion of lignification {unknown}
 s - 2 potions of haste {unknown}


   Skills:
 + Level 2.9 Dodging
 + Level 4.0 Stealth
 + Level 2.7 Spellcasting
 + Level 2.2 Conjurations
 + Level 3.6 Fire Magic


You had 2 spell levels left.
You knew the following spells:

 Your Spells              Type           Power      Damage    Failure   Level
a - Foxfire               Conj/Fire      100%       2x1d9     3%          1
b - Scorch                Fire           64%        2d8       3%          2
c - Flame Wave            Conj/Fire      27%        2d7       30%         4

Your spell library contained the following spells:

 Spells                   Type           Power      Damage    Failure   Level
 Conjure Flame            Conj/Fire      27%        6-21      10%         3
 Inner Flame              Hex/Fire       18%        N/A       14%         3


Dungeon Overview and Level Annotations

Branches:
Dungeon (4/15)             Temple (0/1) D:4

Altars:

Shops:
D:2 (

Annotations:
D:4 Blork the orc


Innate Abilities, Weirdness & Mutations

You cannot wear most types of armour.
You are amphibious.
You can wear up to eight rings at the same time.
Your skin changes colour to match your surroundings (Stealth+).
Your rubbery body absorbs attacks. (AC +1, EV +1)
((You are camouflaged when in or above water. (Stealth+)))
You have tentacles for arms and can constrict up to eight enemies at once.


Message History

Confirm with . or Enter, or press ? or * to list all spells.
You conjure some foxfire!
The foxfire hits the orc.
The orc is almost dead.
The foxfire hits the orc.
You kill the orc!
An orc wizard comes into view. It is wielding a +0 dagger.
The orc wizard casts a spell at you.
You are confused.
You hit the orc but do no damage. The orc hits you with a +0 mace.
You're too confused to move!
The orc closely misses you. The orc barely misses you.
You're too confused to cast spells.
You feel less confused.
It was a potion of brilliance.
You feel clever all of a sudden. The orc hits you with a +0 mace.
* * * LOW HITPOINT WARNING * * *
The orc wizard gestures wildly while chanting.
The orc wizard flickers and vanishes!
Deactivating autopickup; reactivate with Ctrl-A.
Okay, then.
The orc misses you.
There is a stone staircase leading down here.
You climb downwards.
Reactivating autopickup.
Found a flail, an ivory wand and a runed scarf.
Found two stone staircases leading down.
There is a stone staircase leading up here.
Blork the orc comes into view.
He is wielding a +0 trident.
Blork the orc shouts!
You hear a shout! x3
Press: ? - help, v - describe, . - travel The floor.
Okay, then.
As you read the scroll labelled CIFEUVU GONA, it crumbles to dust.
You feel aware of your surroundings.
You sensed 4 shops/portals.
It was a scroll of magic mapping.
Blork the orc points at you and mumbles some strange words.
The puff of frost hits you!
You die...

*,,,,*,,,,,,,,,,*
*******#.*#..**.#*****
***,,*,*##.##.o##.#
*,,,,,,,#.........#####**
*,,,,,,,#...>.....#.P.#,********
*,,,,,,,#...........PP,*,,**,,,*
*,,,,,,,#.>.........,*****,+,,,*
*,,,,,,,#..../.)..#,,* ***,,,*
**,,**,,*#......@.#*** *****
**,,***+*#.....<..#
*,,,,,,,#.........#
*,,,,,,,#......##.#
*,,,,,,>#......**##
*,,,,,,,#......,*
**,,**,,##.[...,*
**,,**,,*#.....,*
,,,,,,,,,s...J.,*


You could see Blork the orc.

Vanquished Creatures
  An iguana (D:2)
  3 gnolls
  An adder (D:2)
  8 orcs (D:3)
  8 ball pythons
  5 bats
  6 endoplasms
  A goblin (D:3)
  7 hobgoblins
  10 jackals
  2 quokkas
  5 frilled lizards
  3 kobolds
  3 rats
63 creatures vanquished.

Vanquished Creatures (others)
  118 foxfires
  A fungus (D:3)
  3 plants (D:3)
122 creatures vanquished.

Grand Total: 185 creatures vanquished

Notes
Turn   | Place    | Note
-------+----------+-------------------------------------------
     0 | D:1      | croobank the Octopode Fire Elementalist began the quest for
                  | the Orb.
     0 | D:1      | Reached XP level 1. HP: 11/11 MP: 3/3
   525 | D:1      | Reached XP level 2. HP: 17/17 MP: 3/5
   529 | D:1      | Reached skill level 3 in Stealth
   571 | D:1      | Learned a level 2 spell: Scorch
  1209 | D:2      | Identified a scroll of acquirement
  1209 | D:2      | Acquired the ring of Wuezips {rPois EV+4 Str+4}
  1259 | D:2      | Reached XP level 3. HP: 21/21 MP: 4/6
  1805 | D:2      | Reached XP level 4. HP: 27/27 MP: 2/7
  1850 | D:2      | Found Afealo's Antique Weapon Shoppe.
  1856 | D:2      | Learned a level 4 spell: Flame Wave
  2457 | D:3      | Acquired the ring "Xuetsu" {Str+6 Int+6 Dex-2}
  2618 | D:3      | Reached XP level 5. HP: 31/31 MP: 4/9
  2746 | D:3      | Reached skill level 4 in Stealth
  2896 | D:3      | Found a faded altar of an unknown god.
  3185 | D:4      | Noticed Blork the orc
  3186 | D:4      | Killed from afar by Blork the orc

Illustrated notes

Levels and vault maps discovered:
D:1:      roderic_octagonal_star, layout_loops_corners, serial_rivers,
          chequers_serial_rivers_room_b, chequers_serial_rivers_micro_e,
          chequers_serial_rivers_micro_c, chequers_serial_rivers_micro_a,
          chequers_serial_rivers_micro_e
D:2:      layout_loops_ring, serial_shops, shop_fountains
D:3:      layout_basic, tgw_trog, shapermc_ecumenical_altar_mp_ritualfount,
          grunt_ministairs_8
D:4:      layout_gridville, minmay_temple_entry_grid, serial_shops,
          shop_fountains, shop_fountains, kennysheep_mini, shop,
          uniq_blork_the_orc, uniq_crazy_yiuf_cottage

Skill      XL: |  1  2  3  4  5 |
---------------+----------------+-----
Stealth        | 3 4 |  4.0
Conjurations   | 2 |  2.2
Dodging        | |  2.9
Spellcasting   | |  2.7
Fire Magic     | |  3.6

Action                   |  1- 3 |  4- 6 || total
-------------------------+-------+-------++-------
Melee: Dagger            |     8 |    13 ||    21
       Constrict         |     5 |     2 ||     7
       Tentacles         |     1 |     3 ||     4
Throw: Throwing net      |       |     1 ||     1
       Boomerang         |       |     3 ||     3
 Cast: Foxfire           |    43 |    32 ||    75
       Scorch            |     5 |    13 ||    18
  Use: Scroll            |     1 |     2 ||     3
       Potion            |       |     1 ||     1
Dodge: Dodged            |    14 |    19 ||    33

Table legend: (Time is in decaauts)
 A = Elapsed time spent in this place.
 B = Non-inter-level travel time spent in this place.
 C = Inter-level travel time spent in this place.
 D = Time resting spent in this place.
 E = Time spent auto-exploring this place.
 F = Levels seen in this place.
 G = Mean time per level.
                   A        B        C        D        E       F      G
               +--------+--------+--------+--------+--------+-----+--------+
         Total |   3184 |   3142 |     42 |    282 |   2244 |   4 |  796.0 |
       Dungeon |   3184 |   3142 |     42 |    282 |   2244 |   4 |  796.0 |
               +--------+--------+--------+--------+--------+-----+--------+

Top non-repeatable levels by time:
     D:1: 1345 daAuts
     D:2: 1101 daAuts
     D:3: 736 daAuts
     D:4: 1 daAuts
